 Dungeon Crawl Stone Soup version 0.29.0-4-gdea44cf6ec (webtiles) character file.

Game seed: 12181445366410966494

97 qw the Chopper (level 4, 0/26 HPs)
             Began as a Tengu Warper on Aug 28, 2022.
             Slain by Grinder (3 damage)
             ... on level 4 of the Dungeon.
             The game lasted 00:00:18 (2867 turns).

qw the Chopper (Tengu Warper)                       Turns: 2867, Time: 00:00:19

Health: 0/26       AC:  9    Str: 13    XL:     4   Next: 68%
Magic:  8/8        EV: 11    Int: 13    God:
Gold:   140        SH:  0    Dex: 14    Spells: 7/7 levels left

rFire   . . .      SeeInvis .   Y - +0 hand axe
rCold   . . .      Faith    .   (no shield)
rNeg    . . .      Spirit   .   h - +3 ring mail
rPois   .          Reflect  .   (helmet restricted)
rElec   .          Harm     .   (no cloak)
rCorr   +          Rampage  .   i - +0 pair of gloves
Will    .....                   (boots unavailable)
Stlth   +.........              (no amulet)
HPRegen 0.08/turn               j - ring of resist corrosion
MPRegen 0.11/turn               (no ring)

@: about to teleport
A: beak, talons 3
a: no special abilities


You were on level 4 of the Dungeon.
You visited 1 branch of the dungeon, and saw 4 of its levels.

You collected 140 gold pieces.


Innate Abilities, Weirdness & Mutations

You have a beak for a mouth.
You have claws for feet.


   Skills:
 - Level 2.0 Fighting
 + Level 5.2 Axes
 - Level 1.0 Throwing
 - Level 1.1 Armour
 - Level 2.1 Dodging
 - Level 2.0 Spellcasting
 - Level 2.4 Translocations


You had 7 spell levels left.
You didn't know any spells.
Your spell library contained the following spells:

 Spells                   Type           Power      Damage    Failure   Level
 Blink                    Tloc           14%        N/A       30%         2
 Gell's Gravitas          Tloc           7%         N/A       52%         3
 Lesser Beckoning         Tloc           7%         N/A       52%         3
 Teleport Other           Tloc           7%         N/A       52%         3
 Manifold Assault         Tloc           7%         N/A       99%         5

Inventory:

Hand Weapons
 e - a +0 whip
 Y - a +0 hand axe (weapon)
Armour
 h - a +3 ring mail (worn)
 i - a +0 pair of gloves (worn)
Jewellery
 j - a ring of resist corrosion (left hand)
Scrolls
 l - a scroll of teleportation
Potions
 a - a potion of magic {unknown}
 b - a potion of might
 d - a potion of haste {unknown}
 g - a potion of ambrosia {unknown}
 k - a potion of cancellation {unknown}
 m - a potion of curing {unknown}
 n - a potion of berserk rage {unknown}

Dungeon Overview and Level Annotations

Branches:
Dungeon (4/15)
 Temple: D:4-7

Altars:
Ashenzari

Annotations:
D:4 Grinder


Message History

You barely miss the jackal. Your kick misses the jackal. You hit the jackal.
You closely miss the jackal. You hit the jackal. The jackal barely misses you.
The jackal bites you but does no damage.
The jackal closely misses you. The jackal barely misses you.
Grinder blinks!
You hit the jackal.
You kill the jackal!
You hit the jackal. You barely miss the jackal. You hit the jackal.
You kill the jackal!
The jackal completely misses you. The jackal closely misses you.
The jackal bites you but does no damage.
The jackal bites you.
You barely miss the jackal. You peck the jackal.
The jackal is severely wounded.
You hit Grinder but do no damage. You hit the jackal. Grinder hits you.
The jackal barely misses you. The jackal closely misses you.
You closely miss the jackal. Your kick misses the jackal.
The jackal is severely wounded.
You completely miss Grinder. You hit the jackal.
The jackal bites you but does no damage. x2
An ogre comes into view. It is wielding a +0 giant club.
Grinder misses you. The jackal bites you. The jackal closely misses you.
You barely miss the jackal.
The ogre shouts!
You claw the jackal.
You kill the jackal!
You closely miss Grinder. You hit the jackal.
You kill the jackal!
Grinder hits you.
You writhe in agony.
You hit Grinder.
Grinder is lightly wounded.
Grinder hits you.
You writhe in agony.
2866 ||| READING 2 scrolls of teleportation.
As you read the scroll of teleportation, it crumbles to dust.
You feel strangely unstable. Grinder misses you.
You hit Grinder. Your peck misses Grinder.
Grinder is lightly wounded.
Grinder hits you.
You writhe in agony.
You die...

........#......#
##.#. ###.........#
...#.##....#......#
#.......##.#......#
..................#
........##........#
#.......##........#
......%.#.........#
#..O..%@...#......###
#.....$5##..........#
#.......##..........#
#.......##...<......#
........##..........#
.....#####..........#
..... ............#
..... ###..........#
#..........#


You could see Grinder and an ogre.

Vanquished Creatures
  3 adders
  A worm (D:2)
  A dart slug (D:1)
  7 ball pythons
  8 endoplasms
  3 giant cockroaches
  6 goblins
  3 hobgoblins
  4 jackals (D:4)
  4 kobolds
  2 quokkas (D:1)
  6 bats
  3 frilled lizards
  7 rats
58 creatures vanquished.

Notes
Turn   | Place    | Note
-------+----------+-------------------------------------------
     0 | D:1      | qw the Tengu Warper began the quest for the Orb.
     0 | D:1      | Reached XP level 1. HP: 12/12 MP: 4/4
     0 | D:1      | 0 ||| qw: Version: 0.1-a-89-g26bdef1
     0 | D:1      | 0 ||| qw: Game counter: 2371
     0 | D:1      | 0 ||| qw: Always use a shield: true
     0 | D:1      | 0 ||| qw: God list: Okawaru
     0 | D:1      | 0 ||| qw: Allow faded altars: false
     0 | D:1      | 0 ||| qw: Do Orc after D:15 true
     0 | D:1      | 0 ||| qw: Do second Lair branch before Depths: true
     0 | D:1      | 0 ||| qw: Lair rune preference: random
     0 | D:1      | 0 ||| qw: Plans: Normal
     0 | D:1      | 0 ||| PLANNING D:1-11
   167 | D:1      | 167 ||| Stepping ~*~*~tactically~*~*~ (hiding).
   209 | D:1      | 209 ||| Stepping ~*~*~tactically~*~*~ (hiding).
   231 | D:1      | Reached XP level 2. HP: 17/17 MP: 6/6
   239 | D:1      | Reached skill level 3 in Axes
   244 | D:1      | 244 ||| Stepping ~*~*~tactically~*~*~ (stealth).
   246 | D:1      | 246 ||| Stepping ~*~*~tactically~*~*~ (stealth).
   271 | D:1      | 271 ||| Stepping ~*~*~tactically~*~*~ (stealth).
   273 | D:1      | 273 ||| Stepping ~*~*~tactically~*~*~ (stealth).
   391 | D:1      | 391 ||| Stepping ~*~*~tactically~*~*~ (stealth).
   393 | D:1      | 393 ||| Stepping ~*~*~tactically~*~*~ (stealth).
   571 | D:1      | Reached XP level 3. HP: 21/21 MP: 7/7
   600 | D:1      | 600 ||| Stepping ~*~*~tactically~*~*~ (stealth).
   968 | D:1      | Found a faded altar of an unknown god.
   985 | D:1      | Reached skill level 4 in Axes
  1104 | D:1      | 1104 ||| UPGRADING to +0 ring mail.
  1114 | D:1      | 1114 ||| DROPPING +0 leather armour.
  1115 | D:1      | 1115 ||| UPGRADING to +0 pair of gloves.
  1120 | D:1      | 1120 ||| READING scroll labelled NEPLYL ORISITAX.
  1121 | D:1      | 1121 ||| READING scroll labelled LOL RIVUKLITEC.
  1122 | D:1      | 1122 ||| DRINKING 2 metallic sapphire potions.
  1123 | D:1      | 1123 ||| DROPPING scroll of blinking.
  1124 | D:1      | 1124 ||| DROPPING potion of flight.
  1360 | D:2      | Found a broken altar of Ashenzari.
  1466 | D:2      | 1466 ||| Stepping ~*~*~tactically~*~*~ (stealth).
  1467 | D:2      | 1467 ||| Stepping ~*~*~tactically~*~*~ (stealth).
  1468 | D:2      | 1468 ||| Stepping ~*~*~tactically~*~*~ (stealth).
  1469 | D:2      | 1469 ||| Stepping ~*~*~tactically~*~*~ (stealth).
  1470 | D:2      | 1470 ||| Stepping ~*~*~tactically~*~*~ (stealth).
  1474 | D:2      | 1474 ||| FLEEEEING.
  1475 | D:2      | 1475 ||| FLEEEEING.
  1476 | D:2      | 1476 ||| FLEEEEING.
  1477 | D:2      | 1477 ||| FLEEEEING.
  1478 | D:2      | 1478 ||| STAIRDANCE
  1480 | D:1      | HP: 5/21 [poisoned by a kobold]
  1741 | D:1      | 1741 ||| DRINKING 2 sedimented coppery potions.
  1742 | D:1      | 1742 ||| DRINKING 2 white potions.
  1743 | D:1      | 1743 ||| DROPPING potion of attraction.
  1749 | D:2      | 1749 ||| STAIRDANCE
  1815 | D:2      | 1815 ||| DROPPING +0 club.
  2029 | D:2      | 2029 ||| READING scroll labelled ONOATU KYEPA.
  2064 | D:3      | Reached XP level 4. HP: 26/26 MP: 8/8
  2118 | D:3      | Reached skill level 5 in Axes
  2710 | D:3      | 2710 ||| UPGRADING to +3 ring mail.
  2720 | D:3      | 2720 ||| DROPPING +0 ring mail.
  2721 | D:3      | 2721 ||| UPGRADING to ring of resist corrosion.
  2722 | D:3      | 2722 ||| READING scroll labelled NEAHOR UTARAA.
  2723 | D:3      | 2723 ||| READING scroll labelled HIOMOJ TUOGE.
  2724 | D:3      | 2724 ||| READING 2 scrolls of teleportation.
  2749 | D:4      | 2749 ||| STAIRDANCE
  2858 | D:4      | Noticed Grinder
  2863 | D:4      | Noticed an ogre
  2865 | D:4      | HP: 5/26 [Grinder (5)]
  2866 | D:4      | 2866 ||| READING 2 scrolls of teleportation.
  2867 | D:4      | Slain by Grinder

Levels and vault maps discovered:
D:1:      dpeg_arrival_leaves_temple_mockup, layout_basic, serial_corexii_hall,
          chequers_hall_statues_corner_a, chequers_hall_statues_y,
          basic_ecumenical_altar, minmay_tetromino_o2
D:2:      layout_rooms, basic_altar, minmay_door_square
D:3:      layout_basic
D:4:      layout_rooms, serial_bayou_pond_b, uniq_grinder

Skill      XL: |  1  2  3  4 |
---------------+-------------+-----
Axes           | 3 4 5 |  5.2
Fighting       | |  2.0
Throwing       | |  1.0
Armour         | |  1.1
Dodging        | |  2.1
Spellcasting   | |  2.0
Translocations | |  2.4

Action                   |  1- 3 |  4- 6 || total
-------------------------+-------+-------++-------
Melee: Hand axe          |    78 |    41 ||   119
       Kick              |    19 |    10 ||    29
       Peck              |    11 |     8 ||    19
Throw: Boomerang         |     7 |       ||     7
  Use: Scroll            |     3 |     4 ||     7
       Potion            |     3 |       ||     3
Armor: Leather armour    |    25 |       ||    25
       Ring mail         |     7 |    22 ||    29
Dodge: Dodged            |    26 |    27 ||    53

Table legend:
 A = Non-vault XP
 B = Vault XP
 C = Vault XP percentage of total XP
 D = Non-vault monster count
 E = Vault monster count
 F = Vault count percentage of total count
                 A         B        C        D         E       F
            +---------+---------+-------+---------+---------+-------
      Total |     136 |       3 |   2.2 |      56 |       2 |   3.4
            +---------+---------+-------+---------+---------+-------
        D:1 |      45 |       3 |   6.2 |      25 |       2 |   7.4
        D:2 |      33 |       0 |   0.0 |      11 |       0 |   0.0
        D:3 |      48 |       0 |   0.0 |      15 |       0 |   0.0
        D:4 |      10 |       0 |   0.0 |       5 |       0 |   0.0
            +---------+---------+-------+---------+---------+-------
